 Dungeon Crawl Stone Soup version 0.13-a0-2485-g242ae62 (webtiles) character file.

200 Rycklaryybbe the Insei (level 4, -2/37 HPs)
             Began as a Draconian Monk on July 21, 2013.
             Slain by Grinder (5 damage)
             ... while paralysed by Grinder
             ... on Level 3 of the Dungeon.
             The game lasted 00:07:47 (2765 turns).

Rycklaryybbe the Insei (Draconian Monk)             Turns: 2765, Time: 00:07:47

HP  -2/37        AC  5     Str 13      XL: 4   Next: 34%
MP   3/3         EV  2     Int 11      God:
Gold 109         SH  0     Dex 14      Spells:  0 memorised,  3 levels left

Res.Fire  : . . .   See Invis. : .     - Unarmed
Res.Cold  : . . .   Warding    : .   (armour unavailable)
Life Prot.: . . .   Conserve   : .   (no shield)
Res.Poison: .       Res.Corr.  : .   (helmet restricted)
Res.Elec. : .       Clarity    : .   (no cloak)
Sust.Abil.: . .     Spirit.Shd : .   (no gloves)
Res.Mut.  : .       Stasis     : .   (no boots)
Res.Rott. : .       Flight     : .   (no amulet)
Saprovore : . . .                    (no ring)
                                     (no ring)

@: paralysed, slightly resistant to hostile enchantments, fairly stealthy
A: unfitting armour, AC +5
a: no special abilities


You were on level 3 of the Dungeon.
You were hungry.

You visited 1 branch of the dungeon, and saw 3 of its levels.

You collected 109 gold pieces.

Inventory:

Hand weapons
 t - a +0 blowgun
Missiles
 a - 2 stones
 c - 29 poisoned needles
 i - 7 javelins (quivered)
Magical devices
 e - a wand of polymorph (6)
Comestibles
 b - a bread ration
 h - 2 meat rations
 k - a rotting chunk of hobgoblin flesh
 q - 2 chunks of goblin flesh
 u - a chunk of goblin flesh
Scrolls
 f - a scroll of remove curse {unknown}
 j - 3 scrolls of identify {unknown}
 l - 2 scrolls of teleportation {unknown}
 m - a scroll of blinking {unknown}
 n - a scroll of fog {unknown}
 o - 2 scrolls of enchant weapon II {unknown}
 p - a scroll of noise {unknown}
 s - a scroll of fear {unknown}
Potions
 d - a potion of flight {unknown}
 g - a potion of mutation {unknown}
 r - a potion of slowing {unknown}


   Skills:
 - Level 3.6 Fighting
 - Level 0.1 Throwing
 - Level 3.2 Dodging
 - Level 1.9 Stealth
 + Level 5.2 Unarmed Combat


You had 3 spell levels left.
You didn't know any spells.

Dungeon Overview and Level Annotations

Branches:
Dungeon (3/27)

Altars:

Annotations
D:1 exclusion: downstairs
D:2 Terence
D:3 Grinder


Message History

o - 2 scrolls labeled STAIP ANTOI (gained 1)
You hit the orc.
The orc is almost dead.
The orc barely misses you. Grinder gestures at you.
You suddenly lose the ability to move!
Grinder hits you.
You writhe in agony.
The orc hits you but does no damage. The orc hits you but does no damage.
Grinder hits you. Grinder hits you but does no damage.
The orc hits you with an orcish short sword.
Grinder hits you.
* * * LOW HITPOINT WARNING * * *
You writhe in agony.
* * * LOW HITPOINT WARNING * * *
The orc hits you with an orcish short sword.
* * * LOW HITPOINT WARNING * * *
Grinder hits you.
* * * LOW HITPOINT WARNING * * *
You writhe in agony.
You die...

#.#####.# #....♣♣♣P≈##
#.# #.......#
#.#♣♣♣≈≈≈≈♣. ..#
#########
#.♣♣♣♣≈≈≈P≈♣##.#
#≈♣♣≈≈≈≈≈≈≈P♣#.##
##♣♣≈≈≈≈≈≈≈≈≈≈≈♣..###
##≈≈≈P≈≈≈P≈≈≈≈PP≈♣....
##P≈≈P≈≈≈≈≈≈≈≈≈≈≈≈≈.#
#..≈≈≈≈≈≈P≈≈≈≈≈≈≈≈...#
#......o@5...........#
#..≈≈≈≈≈≈≈≈≈≈≈.≈≈≈.P##
.P≈≈P≈≈≈≈P≈P≈≈≈≈P.≈♣##
.♣≈≈≈≈≈≈≈≈♣♣♣≈≈≈≈.≈♣≈#
... . ♣≈PP≈≈≈♣♣♣
♣♣≈§≈.≈≈♣ #... ..#
♣≈≈≈≈PP♣ ♣P≈≈.≈≈♣ #
#..# ..# P≈≈P≈≈♣
♣♣≈≈≈.≈≈♣≈# #..# ..#
PP♣♣≈≈ #≈≈≈≈.≈PP# #...
..# ##. ##♣≈≈.≈♣♣#


You could see Grinder and an orc.

Vanquished Creatures
  2 adders
  A green rat (D:2)
  An inept item mimic (D:3)
  3 giant geckos
  An ooze (D:1)
  An orc (D:3)
  3 ball pythons
  6 bats
  2 giant cockroaches
  7 goblins
  5 hobgoblins
  4 giant newts
  8 kobolds
  A quokka (D:2)
  13 rats
58 creatures vanquished.

Notes
Turn   | Place    | Note
--------------------------------------------------------------
     0 | D:1      | Rycklaryybbe, the Draconian Monk, began the quest for the Orb.
     0 | D:1      | Reached XP level 1. HP: 17/17 MP: 0/0
   214 | D:1      | Reached XP level 2. HP: 21/24 MP: 1/1
   815 | D:2      | Noticed Terence
   891 | D:2      | Reached XP level 3. HP: 23/30 MP: 2/2
  1974 | D:3      | Reached XP level 4. HP: 37/37 MP: 3/3
  2165 | D:3      | Reached skill level 5 in Unarmed Combat
  2248 | D:3      | HP: 1/37 [poisoned by a kobold]
  2737 | D:3      | Noticed Grinder
  2760 | D:3      | Paralysed by Grinder for 5 turns
  2765 | D:3      | Slain by Grinder

Action                   |  1- 3 |  4- 6 || total
-------------------------+-------+-------++-------
Melee: Unarmed           |   134 |    38 ||   172
 Fire: Blowgun           |       |    10 ||    10
Throw: Javelin           |     8 |       ||     8
       Dagger            |     1 |       ||     1
Evoke: Wand              |     3 |       ||     3
  Use: Potion            |     2 |     1 ||     3
 Stab: Sleeping          |     1 |       ||     1
